 Dungeon Crawl Stone Soup version 0.29.1-15-g9cfb28693d (webtiles) character file.

Game seed: 6838651182421142972

1159 TackleBoy the Twirler (level 8, -3/66 HPs)
             Began as a Purple Draconian Gladiator on Apr 12, 2023.
             Was a Plaything of Xom.
             Slain by a hornet (5 damage)
             ... on level 8 of the Dungeon.
             The game lasted 00:16:44 (3575 turns).

TackleBoy the Twirler (Purple Draconian Gladiator)  Turns: 3575, Time: 00:16:45

Health: -3/66      AC:  8    Str: 16    XL:     8   Next: 16%
Magic:  11/11      EV: 13    Int: 10    God:    Xom [....*.]
Gold:   258        SH:  0    Dex: 14    Spells: 9/12 levels left

rFire   . . .      SeeInvis .   d - +2 quarterstaff (chaos)
rCold   . . .      Faith    .   (shield currently unavailable)
rNeg    . . .      Spirit   .   (body armour unavailable)
rPois   +          Reflect  .   b - +0 hat
rElec   .          Harm     .   f - +1 cloak {rCorr}
rCorr   +          Rampage  .   (no gloves)
Will    ++...                   (no boots)
Stlth   ++........              (no amulet)
HPRegen 0.21/turn               j - ring of poison resistance
MPRegen 0.12/turn               (no ring)

@: mighty, short of breath, flying
A: breathe power, AC +6, unfitting armour, cold-blooded, big wings,
strong-willed 1
a: Breathe Dispelling Energy, Renounce Religion


You were on level 8 of the Dungeon.
You worshipped Xom.
You were a beloved toy of Xom.
You visited 1 branch of the dungeon, and saw 8 of its levels.

You collected 258 gold pieces.

Inventory:

Hand Weapons
 a - a +1 quarterstaff
 d - a +2 quarterstaff of chaos (weapon)
Missiles
 h - 7 poisoned darts
 q - 6 javelins
 r - 6 curare-tipped darts (quivered)
 t - 6 boomerangs
Armour
 b - a +0 hat (worn)
 f - a +1 cloak of preservation (worn)
Jewellery
 j - a ring of poison resistance (left hand)
Wands
 s - a wand of light (2)
 v - a wand of flame (19)
Scrolls
 c - a scroll of amnesia
 l - a scroll of acquirement {unknown}
 n - 2 scrolls of teleportation
 o - 2 scrolls of noise
 u - a scroll of vulnerability {unknown}
Potions
 e - 4 potions of haste {unknown}
 g - a potion of heal wounds {unknown}
 i - a potion of degeneration {unknown}
 k - a potion of attraction {unknown}
 m - a potion of magic
 p - 2 potions of might


   Skills:
 * Level 3.9 Fighting
 * Level 2.3(4.5) Polearms
 * Level 6.1(6.3) Staves
 * Level 3.2 Throwing
 * Level 4.1 Dodging
 * Level 2.6 Stealth
 * Level 2.6 Spellcasting
 * Level 1.3 Conjurations
 * Level 1.2 Air Magic
 * Level 1.2 Earth Magic
 * Level 1.4 Evocations


You had 9 spell levels left.
You knew the following spells:

 Your Spells              Type           Power      Damage    Failure   Level
a - Sandblast             Erth           6%         2d5       19%         1
b - Static Discharge      Conj/Air       3%         3-4/arc   26%         2

Your spell library contained the following spells:

 Spells                   Type           Power      Damage    Failure   Level
 Passwall                 Tmut/Erth      1%         N/A       34%         2
 Stone Arrow              Conj/Erth      6%         3d7       45%         3
 Dazzling Flash           Conj/Hex       4%         N/A       56%         3
 Sticky Flame             Conj/Fire      2%         2d3       92%         4
 Dispel Undead            Necr           1%         3d6       96%         4
 Silence                  Hex/Air        1%         N/A       99%         5
 Agony                    Necr           1%         N/A       100%        5


Dungeon Overview and Level Annotations

Branches:
Dungeon (8/15)
 Temple: D:4-7         Lair: D:8-11

Altars:
Okawaru
Vehumet
Xom
Yredelemnul

Annotations:
D:6 Dowan, Duvessa


Innate Abilities, Weirdness & Mutations

You can breathe bolts of dispelling energy.
Your rich purple scales are hard. (AC +6)
You cannot fit into any form of body armour.
You are cold-blooded and may be slowed by cold attacks.
Your large and strong wings let you fly.
You are strong-willed. (Will+)


Message History

The hornet is lightly wounded.
You are struck by an arc of lightning.
The lightning grounds out.
The hornet barely misses you.
Casting: Static Discharge (dangerous; 26% risk of failure)
Confirm with . or Enter, or press ? or * to list all spells.
The hornet is struck by an arc of lightning.
The hornet is moderately wounded.
You are struck by an arc of lightning.
The lightning grounds out.
The hornet stings you but does no damage.
The hornet stings you!
Aiming: Bolt of Light
Press: ? - help, Shift-Dir - straight line, f/p - hornet
Aim: a hornet (moderately wounded, 57% to hit)
The bolt of light misses the hornet.
The hornet stings you.
Unknown command.
Aiming: Bolt of Light
Press: ? - help, Shift-Dir - straight line, f/p - hornet
Aim: a hornet (moderately wounded, 57% to hit)
The bolt of light hits the hornet.
The hornet is heavily wounded.
The hornet is blinded.
The hornet stings you!
* * * LOW HITPOINT WARNING * * *
The hornet barely misses you.
It was a potion of magic.
Magic courses through your body.
Xom thinks this is hilarious!
The hornet stings you!
* * * LOW HITPOINT WARNING * * *
You feel yourself slow down.
It was a potion of might.
You feel very mighty all of a sudden.
Xom roars with laughter!
The hornet closely misses you. x2
You hit the hornet. You burn the hornet.
Your tail-slap misses the hornet.
The hornet is heavily wounded.
You feel yourself speed up. The hornet misses you.
The hornet barely misses you.
You closely miss the hornet.
The hornet is heavily wounded.
The hornet stings you.
You die...

.......# #### #......###..#
#......##...##
##..>....#....#
.##..(.....#...### ###
.................#####..##
.##................#.....##
..........................#
..#.....<.....)y@........##
##.........)).......####
#.....#............##
#...#.###........<###
##.### #...........# #.
#...........# .
##.........## .
#..........# .......##...


You could see a hornet (blind).

Vanquished Creatures
  2 water moccasins
  An ice beast (D:7)
  2 black bears
  A scorpion (D:7)
  2 wights (D:4)
  5 killer bees
  A howler monkey (D:7)
  A bullfrog zombie (D:5)
  Crazy Yiuf (D:5)
  A hound (D:6)
  An iguana (D:5)
  An orc wizard (D:8)
  A scorpion zombie (D:5)
  A hound zombie (D:5)
  A hound skeleton (D:5)
  A howler monkey skeleton (D:5)
  2 adders
  A worm (D:3)
  A dart slug (D:1)
  3 orcs
  6 endoplasms
  2 giant cockroaches
  4 goblins
  6 hobgoblins
  3 jackals (D:1)
  3 kobolds
  3 quokkas
  4 ball pythons
  2 bats (D:3)
  2 frilled lizards
  2 rats
67 creatures vanquished.

Vanquished Creatures (others)
  3 withered plants (D:5)
3 creatures vanquished.

Grand Total: 70 creatures vanquished

Notes
Turn   | Place    | Note
-------+----------+-------------------------------------------
     0 | D:1      | TackleBoy the Draconian Gladiator began the quest for the
                  | Orb.
     0 | D:1      | Reached XP level 1. HP: 17/17 MP: 1/1
    37 | D:1      | Found a faded altar of an unknown god.
    83 | D:1      | Prayed at the altar of an unknown god.
    83 | D:1      | Became a worshipper of Xom of Chaos
   135 | D:1      | XOM: silly message
   155 | D:1      | Reached XP level 2. HP: 22/24 MP: 2/2
   891 | D:2      | XOM: cloud trail
  1118 | D:1      | XOM: 9-stop teleportation journey
  1193 | D:1      | Reached XP level 3. HP: 19/30 MP: 3/3
  1323 | D:3      | XOM: silly message
  1747 | D:3      | XOM: enchant monster (good)
  2014 | D:4      | Noticed a wight
  2018 | D:4      | Noticed a wight
  2024 | D:4      | Killed a wight
  2025 | D:4      | Reached skill level 4 in Staves
  2025 | D:4      | Reached XP level 4. HP: 37/37 MP: 3/5
  2025 | D:4      | Found an iron altar of Okawaru.
  2033 | D:4      | Reached skill level 1 in Stealth
  2033 | D:4      | Reached skill level 1 in Spellcasting
  2033 | D:4      | Reached XP level 5. HP: 42/42 MP: 3/6
  2044 | D:4      | Noticed a black bear
  2064 | D:4      | Killed a black bear
  2065 | D:4      | Reached skill level 1 in Polearms
  2075 | D:4      | Found a basalt altar of Yredelemnul.
  2090 | D:4      | Found a radiant altar of Vehumet.
  2144 | D:5      | Entered Level 5 of the Dungeon
  2184 | D:5      | Reached XP level 6. HP: 33/51 MP: 7/7
  2263 | D:5      | XOM: destruction
  2288 | D:5      | XOM: scenery: 2 doors close
  2377 | D:5      | XOM: scenery: 3 doors open
  2448 | D:5      | Found a runed translucent door.
  2449 | D:5      | Noticed Crazy Yiuf
  2456 | D:5      | XOM: divination: detect items
  2464 | D:5      | Killed Crazy Yiuf
  2553 | D:5      | Reached skill level 5 in Staves
  2588 | D:5      | XOM: silly message
  2597 | D:6      | Noticed Duvessa
  2597 | D:6      | Noticed Dowan
  2670 | D:6      | XOM: blink monster(s)
  2713 | D:6      | Learned a level 1 spell: Sandblast
  2762 | D:6      | Noticed a water moccasin
  2762 | D:6      | XOM: 3-stop teleportation journey
  2767 | D:6      | XOM: snakes to sticks
  2785 | D:6      | Learned a level 2 spell: Static Discharge
  2830 | D:6      | Your scales start taking on a rich purple colour.
  2830 | D:6      | Reached XP level 7. HP: 51/57 MP: 10/10
  2909 | D:6      | XOM: give mutations
  2909 | D:6      | Gained mutation: Your large and strong wings let you fly.
                  | [Xom's grace]
  2909 | D:6      | Gained mutation: You are strong-willed. (Will+) [Xom's
                  | grace]
  2918 | D:6      | XOM: 1-stop teleportation journey
  2953 | D:7      | XOM: divination: detect creatures
  2959 | D:6      | XOM: confuse monster(s)
  2970 | D:6      | XOM: silly message
  3200 | D:7      | XOM: silly message
  3221 | D:7      | Reached skill level 1 in Evocations
  3224 | D:7      | Reached skill level 1 in Conjurations
  3224 | D:7      | Reached skill level 1 in Air Magic
  3224 | D:7      | Reached skill level 1 in Earth Magic
  3462 | D:7      | Reached skill level 6 in Staves
  3462 | D:7      | Reached XP level 8. HP: 66/66 MP: 11/11
  3469 | D:7      | XOM: cloud trail
  3500 | D:8      | XOM: enchant monster (bad)
  3564 | D:8      | Noticed a hornet
  3572 | D:8      | HP: 2/66 [hornet (13)]
  3575 | D:8      | Slain by a hornet

Illustrated notes

Levels and vault maps discovered:
D:1:      psy_arrival_spokes, layout_loops_ring,
          shapermc_ecumenical_altar_mp_ritualfount
D:2:      layout_loops_ring, wander_ebering_terrifying_dragon_lair
D:3:      layout_loops_ring
D:4:      layout_basic, grunt_temple_overflow_open, okawaru_gym_becter
D:5:      layout_gridville, minmay_temple_entry_proselytizer, serial_undead,
          serial_undead_e, serial_undead_e, serial_undead_f, serial_undead_c,
          serial_undead_c, serial_undead_e, serial_undead_e,
          chequers_serial_rivers_micro_c, kennysheep_cross_bottleneck,
          uniq_blork_the_orc, uniq_crazy_yiuf_cottage
D:6:      layout_cave_pods, corexii_shack, uniq_duvessa
D:7:      layout_loops_ring, dilly_guarded_unrand_devastator
D:8:      layout_cave_pools, eino_jars

Skill      XL: |  1  2  3  4  5  6  7 |
---------------+----------------------+-----
Throwing       | 2 3 |  3.2
Dodging        | 3 4 |  4.1
Staves         | 4 5 6 |  6.1
Stealth        | 1 2 |  2.6
Spellcasting   | 1 2 |  2.6
Fighting       | 3 |  3.9
Polearms       | 1 2 |  2.3
Evocations     | 1 |  1.4
Conjurations   | 1 |  1.3
Air Magic      | 1 |  1.2
Earth Magic    | 1 |  1.2

Action                   |  1- 3 |  4- 6 |  7- 9 || total
-------------------------+-------+-------+-------++-------
Melee: Quarterstaff      |    89 |    86 |    53 ||   228
       Tailslap          |     9 |    10 |     7 ||    26
Throw: Throwing net      |     4 |     2 |       ||     6
       Dart              |       |     7 |       ||     7
       Javelin           |       |     1 |       ||     1
 Cast: Static Discharge  |       |       |     3 ||     3
       Sandblast         |       |       |     1 ||     1
 Abil: Breathe Dispellin |       |       |     9 ||     9
Evoke: Wand              |       |       |     5 ||     5
  Use: Scroll            |     5 |     4 |       ||     9
       Potion            |       |       |     5 ||     5
 Stab: Sleeping          |     2 |     2 |       ||     4
       Held in net/web   |     1 |     1 |       ||     2
       Confused          |       |     1 |       ||     1
       Invisible         |       |       |     2 ||     2
Armor: Skin              |    28 |    38 |    26 ||    92
Dodge: Dodged            |    67 |    88 |    87 ||   242
